 Dungeon Crawl Stone Soup version 0.30.0-29-ga12c61a403 (webtiles) character file.

Game seed: 17912241742123097172

197 safid the Chiller (level 5, -6/41 HPs)
             Began as a Merfolk Ice Elementalist on June 15, 2023.
             Engulfed by a cloud of steam (14 damage)
             ... on level 4 of the Dungeon.
             The game lasted 00:05:30 (3352 turns).

safid the Chiller (Merfolk Ice Elementalist)        Turns: 3352, Time: 00:05:30

Health: -6/41      AC:  3    Str:  9    XL:     5   Next: 75%
Magic:  3/10       EV: 12    Int: 16    God:
Gold:   233        SH:  0    Dex: 14    Spells: 3/10 levels left

rFire   . . .        w - +3 short sword (speed)
rCold   . . .        (no shield)
rNeg    . . .        a - +0 robe
rPois   .            (no helmet)
rElec   .            (no cloak)
rCorr   .            o - +0 pair of gloves
SInv    +            (no boots)
Will    .....        f - amulet of regeneration
Stlth   ++           q - ring of see invisible
HPRegen 1.06/turn    (no ring)
MPRegen 0.12/turn

%: no passive effects
@: freezing walls
A: (nimble swimmer 2), mertail
a: no special abilities


You were on level 4 of the Dungeon.
You visited 2 branches of the dungeon, and saw 5 of its levels.

You collected 233 gold pieces.

Inventory:

Hand Weapons
 i - a +0 dagger
 w - a +3 short sword of speed (weapon)
Armour
 a - a +0 robe (worn)
 o - a +0 pair of gloves (worn)
Jewellery
 f - an amulet of regeneration (around neck)
 q - a ring of see invisible (left hand)
Wands
 r - a wand of light (6)
 x - a wand of paralysis (8)
Scrolls
 d - a scroll of identify {unknown}
 e - a scroll of torment {unknown}
 k - 3 scrolls of fear {unknown}
 l - a scroll of brand weapon {unknown}
 m - a scroll of amnesia {unknown}
 p - a scroll of enchant weapon {unknown}
 s - a scroll of noise {unknown}
 v - a scroll of poison {unknown}
Potions
 b - 2 potions of magic
 c - 3 potions of cancellation {unknown}
 g - 3 potions of flight {unknown}
 h - 2 potions of ambrosia {unknown}
 j - a potion of mutation {unknown}
 n - 2 potions of brilliance {unknown}
 t - a potion of degeneration {unknown}
 u - a potion of heal wounds {unknown}


   Skills:
 + Level 3.2 Fighting
 - Level 2.6 Dodging
 - Level 2.1 Stealth
 + Level 3.4 Spellcasting
 + Level 5.6 Ice Magic


You had 3 spell levels left.
You knew the following spells:

 Your Spells              Type           Power      Damage    Failure   Level
a - Freeze                Ice            80%        1d9       1%          1
b - Frozen Ramparts       Ice            40%        1d7       5%          3
c - Ozocubu's Armour      Ice            20%        N/A       5%          3

Your spell library contained the following spells:

 Spells                   Type           Power      Damage    Failure   Level
 Magic Dart               Conj           8%         1d3       19%         1
 Call Imp                 Summ           4%         N/A       26%         2
 Mephitic Cloud           Conj/Pois/Air  2%         N/A       47%         3
 Summon Ice Beast         Ice/Summ       11%        N/A       50%         4


Dungeon Overview and Level Annotations

Branches:
Dungeon (4/15)             Temple (1/1) D:4

Altars:
Ashenzari
Cheibriados
Dithmenos
Hepliaklqana
Kikubaaqudgha
Makhleb
Nemelex Xobeh
Qazlal
Wu Jian
Xom
Yredelemnul
The Shining One

Shops:
D:4 (


Innate Abilities, Weirdness & Mutations

((You are very nimble when in or above water. (Stealth+, EV+, Speed+++)))
Your lower body shifts to a powerful aquatic tail in water.


Message History

Casting: Frozen Ramparts (dangerous; 5% risk of failure)
Confirm with . or Enter, or press ? or * to list all spells.
Aiming: Freeze (safe; 1% risk of failure)
Press: ? - help, Shift-Dir - straight line, f - steam dragon
Aim: a steam dragon (lightly wounded)
You freeze the steam dragon!
The steam dragon is moderately wounded.
The wall freezes the steam dragon.
The steam dragon bites you but does no damage.
The steam dragon claws you.
Casting: Freeze (safe; 1% risk of failure)
Confirm with . or Enter, or press ? or * to list all spells.
Aiming: Freeze (safe; 1% risk of failure)
Press: ? - help, Shift-Dir - straight line, f/p - steam dragon
Aim: a steam dragon (heavily wounded)
You freeze the steam dragon.
The steam dragon is severely wounded.
The wall freezes the steam dragon.
The steam dragon bites you.
The steam dragon claws you but does no damage.
Casting: Freeze (safe; 1% risk of failure)
Confirm with . or Enter, or press ? or * to list all spells.
Aiming: Freeze (safe; 1% risk of failure)
Press: ? - help, Shift-Dir - straight line, f/p - steam dragon
Aim: a steam dragon (severely wounded)
You freeze the steam dragon.
The steam dragon is almost dead.
The wall freezes the steam dragon but does no damage.
The steam dragon breathes steam at you. The ball of steam hits you!!
Ouch! That really hurt!
* * * LOW HITPOINT WARNING * * *
Casting: Freeze (safe; 1% risk of failure)
Confirm with . or Enter, or press ? or * to list all spells.
Aiming: Freeze (safe; 1% risk of failure)
Press: ? - help, Shift-Dir - straight line, f/p - steam dragon
Aim: a steam dragon (almost dead, catching its breath)
You freeze the steam dragon!
You kill the steam dragon!
You are engulfed in a cloud of scalding steam.
You die...

########..
#ยง@.......
#.######.. #.#
#.# #.# #.#
#+###+# #.#
+.....+ #.#
#.....#
#.####.....####


There were no monsters in sight!

Vanquished Creatures
  A steam dragon (D:4)
  Terence (D:2)
  8 adders (D:4)
  3 worms
  2 dart slugs (D:2)
  10 orcs
  4 endoplasms
  4 giant cockroaches
  4 goblins
  7 hobgoblins
  2 jackals (D:1)
  11 ball pythons
  9 bats
  3 frilled lizards (D:2)
  9 kobolds
  6 rats
84 creatures vanquished.

Notes
Turn   | Place    | Note
-------+----------+-------------------------------------------
     0 | D:1      | safid the Merfolk Ice Elementalist began the quest for the
                  | Orb.
     0 | D:1      | Reached XP level 1. HP: 13/13 MP: 3/3
   168 | D:1      | Reached XP level 2. HP: 15/20 MP: 3/5
   221 | D:1      | Reached skill level 1 in Fighting
   493 | D:1      | Reached XP level 3. HP: 26/26 MP: 6/6
   771 | D:2      | Found a faded altar of an unknown god.
   893 | D:2      | Found a stormy altar of Qazlal.
  1240 | D:2      | Reached skill level 5 in Ice Magic
  1305 | D:2      | Reached XP level 4. HP: 33/33 MP: 8/8
  1487 | D:2      | Noticed Terence
  1499 | D:2      | Killed Terence
  1505 | D:2      | Learned a level 3 spell: Frozen Ramparts
  1509 | D:2      | Learned a level 3 spell: Ozocubu's Armour
  1874 | D:3      | Found a hazy altar of Hepliaklqana.
  2712 | D:4      | Noticed an ogre
  2756 | D:4      | Found a staircase to the Ecumenical Temple.
  2771 | Temple   | Entered the Ecumenical Temple
  2889 | D:4      | Reached XP level 5. HP: 38/39 MP: 6/9
  3034 | D:4      | Found Affodwas's Weapon Shop.
  3346 | D:4      | Noticed a steam dragon
  3352 | D:4      | Killed a steam dragon
  3352 | D:4      | Engulfed by a cloud of steam

Illustrated notes

Levels and vault maps discovered:
D:1:      dpeg_arrival_rooms_with_view, layout_rooms, minmay_misc_feat_alley,
          roderic_serpentine_path, st_stairs_13
D:2:      minmay_alternating_diamond, layout_basic, basic_altar,
          hellmonk_ecumenical_altar_run_dry, uniq_terence
D:3:      layout_basic, lemuel_crystal_altar
D:4:      layout_rooms, minitemple, minmay_temple_entry_grid, serial_shops,
          nicolae_shop_peninsula, minmay_snake_closets
Temple:   hellmonk_temple_beads

Skill      XL: |  1  2  3  4  5 |
---------------+----------------+-----
Fighting       | 1 2 3 |  3.2
Ice Magic      | 5 |  5.6
Spellcasting   | 3 |  3.4
Dodging        | |  2.6
Stealth        | |  2.1

Action                     |  1- 3 |  4- 6 || total
---------------------------+-------+-------++-------
  Melee: Club              |    14 |       ||    14
         Dagger            |    71 |    33 ||   104
         Punch             |     1 |       ||     1
         Short sword       |       |    19 ||    19
   Cast: Freeze            |    49 |    63 ||   112
         Frozen Ramparts   |       |     2 ||     2
   Stab: Sleeping          |     3 |     3 ||     6
         Distracted        |     1 |       ||     1
 Armour: Robe              |    29 |    23 ||    52
  Dodge: Dodged            |    99 |    60 ||   159
